 Dungeon Crawl Stone Soup version 0.25-a0-1007-g10a8c3caa8 (webtiles) character file.

Game seed: 10867885148087646185, levelgen mode: deterministic

560 Flugslaktarn the Chopper (level 7, 0/61 HPs)
             Began as a Minotaur Fighter on May 11, 2020.
             Slain by Purgy (2 damage)
             ... in a sewer.
             The game lasted 00:01:39 (3847 turns).

Flugslaktarn the Chopper (Minotaur Fighter)         Turns: 3847, Time: 00:01:40

Health: 0/61       AC:  8    Str: 21    XL:     7   Next: 9%
Magic:  6/6        EV:  7    Int:  5    God:
Gold:   189        SH: 10    Dex: 11    Spells: 6/6 levels left

rFire    . . .     SeeInvis .   a - +0 war axe
rCold    . . .     Gourm    .   c - +0 kite shield
rNeg     . . .     Faith    .   t - +0 scale mail
rPois    .         Spirit   .   (helmet restricted)
rElec    .         Reflect  .   (no cloak)
rCorr    .         Harm     .   i - +0 pair of gloves
MR       .....                  (no boots)
Stlth    ..........             (no amulet)
HPRegen  0.20/turn              (no ring)
MPRegen  0.10/turn              (no ring)

@: no status effects
A: retaliatory headbutt, horns 2
a: no special abilities


You were in a sewer.
You were hungry.

You visited 1 branch of the dungeon, and saw 4 of its levels.
You also visited: Sewer.

You collected 189 gold pieces.

Inventory:

Hand Weapons
 a - a +0 war axe (weapon)
 b - a +0 hand axe of flaming
   (You took it off an orc on level 4 of the Dungeon)
Armour
 c - a +0 kite shield (worn)
 i - a +0 pair of gloves (worn)
   (You found it on level 1 of the Dungeon)
 t - a +0 scale mail (worn)
Jewellery
 n - an uncursed ring of wizardry {unknown}
   (You found it on level 1 of the Dungeon)
Wands
 v - a wand of digging (5)
   (You found it on level 4 of the Dungeon)
Scrolls
 g - 7 scrolls of identify {unknown}
 j - a scroll of fog {unknown}
 k - 2 scrolls of remove curse {unknown}
 l - 4 scrolls of teleportation {unknown}
 m - 4 scrolls of fear {unknown}
 o - 3 scrolls of immolation {unknown}
 q - a scroll of enchant weapon {unknown}
Potions
 d - a potion of might
 f - a potion of magic {unknown}
 h - 2 potions of curing {unknown}
 r - a potion of stabbing {unknown}
 s - a potion of flight {unknown}
Comestibles
 e - 5 rations
 p - 6 chunks of flesh


   Skills:
 + Level 5.4 Fighting
 * Level 6.2 Axes
 + Level 5.3 Armour
 + Level 5.4 Shields


You had 6 spell levels left.
You didn't know any spells.
Your spell library was empty.

Dungeon Overview and Level Annotations

Branches:
Dungeon (4/15)              Sewer (1/1)
 Temple: D:4-7

Altars:

Annotations:
Sewer Purgy


Innate Abilities, Weirdness & Mutations

You reflexively headbutt those who attack you in melee.
You have a pair of horns on your head.


Message History

You are too injured to fight recklessly!
You barely miss Purgy.
Purgy is moderately wounded.
Purgy bites you.
* * * LOW HITPOINT WARNING * * *
You block Purgy's attack. Purgy claws you.
* * * LOW HITPOINT WARNING * * *
Purgy bites you but does no damage. Purgy claws you but does no damage.
Purgy claws you.
* * * LOW HITPOINT WARNING * * *
You hit Purgy. You headbutt Purgy!
Purgy is severely wounded.
Purgy snarls, "My home!
Leave!"
Purgy bites you.
* * * LOW HITPOINT WARNING * * *
Purgy claws you but does no damage. x2
You barely miss Purgy.
Purgy is severely wounded.
Purgy closely misses you. x2; Purgy claws you.
You die...

#≈≈≈≈≈≈≈.# ≈≈≈≈≈≈≈≈≈
≈≈≈≈≈≈≈.# #≈≈≈≈≈≈≈#
#≈≈≈≈≈≈≈# #≈≈≈≈≈≈≈##
##≈≈≈≈≈≈≈###
#≈≈≈≈≈≈≈T#.#
#≈≈≈≈≈≈≈≈@.#
#≈≈≈≈≈≈≈≈≈.## ####
##≈≈≈≈≈≈≈≈≈.# ##∩∩##
#≈≈≈≈≈≈≈≈≈≈#####≈≈≈.#.≈
##≈≈≈≈≈≈≈≈≈≈.#..≈≈≈≈≈≈≈≈
##≈≈≈≈≈≈≈≈≈≈†≈≈≈≈≈≈≈≈≈≈≈
##≈≈≈≈≈≈≈≈≈≈≈≈≈≈≈≈≈≈≈≈≈
##≈≈≈≈≈≈≈≈≈≈≈≈≈≈≈≈≈≈≈≈
#≈≈≈≈≈≈≈≈≈≈≈≈≈≈≈≈≈≈≈≈


You could see Purgy.

Vanquished Creatures
  An ogre (D:3)
  A howler monkey (D:4)
  4 hounds
  A bullfrog skeleton (D:4)
  Ijyb (D:3)
  A worker ant (D:4)
  A hound skeleton (D:4)
  7 gnolls
  6 adders
  A river rat (D:4)
  4 worms
  A dart slug (D:1)
  4 orcs
  4 ball pythons
  7 bats
  4 giant cockroaches
  8 goblins
  9 hobgoblins
  8 jackals
  A quokka (D:3)
  4 frilled lizards
  5 kobolds
  10 rats
93 creatures vanquished.

Notes
Turn   | Place    | Note
-------+----------+-------------------------------------------
     0 | D:1      | Flugslaktarn the Minotaur Fighter began the quest for the
                  | Orb.
     0 | D:1      | Reached XP level 1. HP: 19/19 MP: 0/0
   488 | D:1      | Reached XP level 2. HP: 27/27 MP: 1/1
   594 | D:1      | Reached skill level 3 in Axes
   931 | D:2      | Reached XP level 3. HP: 24/33 MP: 2/2
  1280 | D:2      | Reached XP level 4. HP: 40/40 MP: 3/3
  1426 | D:2      | Reached skill level 4 in Axes
  2338 | D:3      | Reached XP level 5. HP: 16/47 MP: 4/4
  2849 | D:3      | Noticed an ogre
  2854 | D:3      | Killed an ogre
  2854 | D:3      | Reached skill level 5 in Axes
  2854 | D:3      | Reached XP level 6. HP: 35/55 MP: 5/5
  3046 | D:3      | Noticed Ijyb
  3062 | D:3      | Killed Ijyb
  3062 | D:3      | Reached skill level 5 in Fighting
  3222 | D:4      | Reached skill level 5 in Shields
  3244 | D:4      | Reached skill level 5 in Armour
  3560 | D:4      | Reached skill level 6 in Axes
  3560 | D:4      | Reached XP level 7. HP: 40/61 MP: 6/6
  3790 | D:4      | Found a glowing drain.
  3804 | Sewer    | Entered a sewer
  3828 | Sewer    | Noticed Purgy
  3845 | Sewer    | HP: 3/61 [Purgy (2)]
  3847 | Sewer    | Slain by Purgy

Illustrated notes

Levels and vault maps discovered:
D:1:      dpeg_arrival_fog, layout_basic
D:2:      layout_basic, cheibrodos_gnoll_hut
D:3:      layout_basic, uniq_ijyb
D:4:      layout_loops_corners, portal_sewer_entry_e, first_ration
Sewer:    sewer_co_purgy_island

Skill      XL: |  1  2  3  4  5  6 |
---------------+-------------------+-----
Axes           | 3 4 5 6 |  6.2
Fighting       | 4 5 |  5.4
Armour         | 4 5 |  5.3
Shields        | 4 5 |  5.4

Action                   |  1- 3 |  4- 6 |  7- 9 || total
-------------------------+-------+-------+-------++-------
Melee: War axe           |    59 |   138 |    41 ||   238
       Headbutt          |     8 |    31 |     5 ||    44
  Eat: Chunk             |     1 |     8 |       ||     9
Armor: Scale mail        |    34 |    55 |    22 ||   111
Dodge: Dodged            |    20 |    49 |     9 ||    78
Block: Kite shield       |    35 |    71 |    34 ||   140

Table legend:
 A = Non-vault XP
 B = Vault XP
 C = Vault XP percentage of total XP
 D = Non-vault monster count
 E = Vault monster count
 F = Vault count percentage of total count
                 A         B        C        D         E       F
            +---------+---------+-------+---------+---------+-------
      Total |     692 |     109 |  13.6 |      78 |      15 |  16.1
            +---------+---------+-------+---------+---------+-------
        D:1 |      24 |       0 |   0.0 |      13 |       0 |   0.0
        D:2 |     133 |      19 |  12.5 |      22 |       3 |  12.0
        D:3 |     240 |      36 |  13.0 |      26 |       1 |   3.7
        D:4 |     295 |      26 |   8.1 |      17 |       8 |  32.0
      Sewer |       0 |      28 | 100.0 |       0 |       3 | 100.0
            +---------+---------+-------+---------+---------+-------
